 Dungeon Crawl Stone Soup version 0.25.0-9-g26727b657a (webtiles) character file.

Game seed: 2256109102476652200

958 mortelune the Insei (level 8, -4/42 HPs)
             Began as a Vine Stalker Transmuter on June 18, 2020.
             Was an Initiate of Cheibriados.
             Slain by a centaur (9 damage)
             ... on level 5 of the Dungeon.
             The game lasted 00:10:10 (4137 turns).

mortelune the Insei (Vine Stalker Transmuter)       Turns: 4137, Time: 00:10:11

Health: -4/42      AC: -1    Str: 15    XL:     8   Next: 14%
Magic:  0/15       EV: 17    Int: 14    God:    Cheibriados [......]
Gold:   116        SH:  0    Dex: 17    Spells: 9/15 levels left

rFire    . . .     SeeInvis .     - Unarmed
rCold    . . .     Gourm    .   (no shield)
rNeg     . . .     Faith    .   b - +1 robe
rPois    .         Spirit   +   (no helmet)
rElec    .         Reflect  .   (no cloak)
rCorr    .         Harm     .   (no gloves)
MR       +....                  (no boots)
Stlth    ++........             (no amulet)
HPRegen  0.54/turn              j - +4 ring of evasion
MPRegen  0.14/turn              (no ring)

@: appendage, corroded, very slow
A: fangs 3, horns 2, regeneration 1, magic shield, antimagic bite, no potion
heal 3, rot immunity
a: End Transformation, Bend Time, Renounce Religion


You were on level 5 of the Dungeon.
You worshipped Cheibriados.
Cheibriados was noncommittal.
You were near starving.
You had grown temporary horns.
You visited 2 branches of the dungeon, and saw 6 of its levels.

You collected 116 gold pieces.

Inventory:

Missiles
 Q - 93 arrows
Armour
 b - a +1 robe (worn)
 u - a +2 pair of gloves
 v - a cursed +0 chain mail
Jewellery
 j - a +4 ring of evasion (left hand)
Wands
 r - a wand of random effects (13)
Scrolls
 a - a scroll of noise {unknown}
 c - 4 scrolls of identify {unknown}
 e - a scroll of fear {unknown}
 f - 3 scrolls of remove curse
 i - 3 scrolls of amnesia {unknown}
 m - 2 scrolls of enchant armour
 n - a scroll of fog {unknown}
Potions
 g - a potion of berserk rage {unknown}
 h - 2 potions of stabbing {unknown}
 k - a potion of lignification {unknown}
 l - a potion of flight {unknown}
 o - a potion of heal wounds {unknown}
 p - a potion of magic {unknown}
 q - a potion of might
 s - a potion of cancellation {unknown}
 t - a potion of invisibility {unknown}
 w - a potion of brilliance {unknown}
Comestibles
 d - 13 rations


   Skills:
 + Level 3.6 Fighting
 - Level 2.2 Dodging
 * Level 6.4 Unarmed Combat
 + Level 4.1 Spellcasting
 + Level 4.4 Transmutations


You had 9 spell levels left.
You knew the following spells:

 Your Spells              Type           Power        Failure   Level  Hunger
a - Beastly Appendage     Tmut           ###...       3%          1    None
b - Sticks to Snakes      Tmut           ###.....     4%          2    ##.....
c - Spider Form           Tmut/Pois      #.........   24%         3    ###....

Your spell library contained the following spells:

 Spells                   Type           Power        Failure   Level  Hunger
 Ice Form                 Ice/Tmut       #.......     61%         4    ####...
 Blade Hands              Tmut           ###.......   65%         5    ######.


Dungeon Overview and Level Annotations

Branches:
Dungeon (5/15)             Temple (1/1) D:5

Altars:
Ashenzari
Cheibriados
Dithmenos
Elyvilon
Fedhas
Gozag
Hepliaklqana
Kikubaaqudgha
Makhleb
Nemelex Xobeh
Okawaru
Qazlal
Ru
Sif Muna
Uskayaw
Vehumet
Wu Jian
Xom
Yredelemnul
Zin
The Shining One


Innate Abilities, Weirdness & Mutations

You have razor-sharp teeth.
Your natural rate of healing is unusually fast.
When hurt, damage is shared between your health and your magic reserves.
Your bite disrupts and absorbs the magic of your enemies.
Potions cannot restore your health.
You are immune to rotting.
You have a pair of horns on your head.


Message History

a +0 dagger; a +0 morningstar You see here a +0 club.
You are near starving!
You enter the shallow water.
Moving in this stuff is going to be slow.
The centaur is too close now for your liking.
A centaur is nearby!
A centaur is nearby!
The centaur shouts!
The centaur zaps a wand.
The bolt of acid hits you!! The acid corrodes you!
You are splashed with acid!
The centaur hits you!
* * * LOW HITPOINT WARNING * * *
Casting: Beastly Appendage (safe; 3% risk of failure)
Confirm with . or Enter, or press ? or * to list all spells.
You grow a pair of large bovine horns.
The centaur hits you!
* * * LOW HITPOINT WARNING * * *
The centaur misses you.
You completely miss the centaur. You bite the centaur, but do no damage.
The centaur hits you!
You die...

#.##
##...............
#..#
##.....###########
#### ..#.######
###### ..#.#
.....# #.#.#
####.# #.#.# # #.#
#.#.# #.######
#.#.#
#.##...####.#@#
#.##.#>.....c.#
#.#.........###
####.#.#.#######
.........#
######.### ###


You could see a centaur.

Vanquished Creatures
  Edmund (D:5)
  A sky beast (D:5)
  A necrophage (D:5)
  2 ogres (D:5)
  A big kobold (D:5)
  A scorpion (D:5)
  2 crimson imps (D:5)
  A howler monkey (D:5)
  A centaur skeleton (D:5)
  A hound (D:4)
  Terence (D:3)
  An iguana (D:5)
  A worker ant (D:5)
  3 adders
  An ooze (D:2)
  An adder skeleton (D:4)
  3 worms (D:2)
  A dart slug (D:1)
  A leopard gecko (D:1)
  11 orcs
  3 ball pythons
  7 giant cockroaches
  14 goblins
  5 hobgoblins
  7 jackals (D:1)
  2 quokkas
  6 bats
  4 frilled lizards
  6 kobolds
  A quokka skeleton (D:5)
  7 rats
98 creatures vanquished.

Notes
Turn   | Place    | Note
-------+----------+-------------------------------------------
     0 | D:1      | mortelune the Vine Stalker Transmuter began the quest for
                  | the Orb.
     0 | D:1      | Reached XP level 1. HP: 9/9 MP: 4/4
   124 | D:1      | Reached skill level 1 in Fighting
   195 | D:1      | Reached XP level 2. HP: 13/14 MP: 6/6
   614 | D:1      | Reached XP level 3. HP: 18/18 MP: 5/7
  1221 | D:2      | Learned a level 2 spell: Sticks to Snakes
  1231 | D:2      | Found a glowing golden altar of the Shining One.
  1244 | D:2      | Found an ornate altar of the Wu Jian Council.
  1246 | D:2      | Found a shadowy altar of Dithmenos.
  1246 | D:2      | Found a sparkling altar of Nemelex Xobeh.
  1941 | D:2      | Gained mutation: Your natural rate of healing is unusually
                  | fast. [Vine Stalker growth]
  1941 | D:2      | Reached XP level 4. HP: 13/23 MP: 5/8
  2427 | D:3      | Learned a level 3 spell: Spider Form
  2603 | D:3      | Noticed Terence
  2613 | D:3      | Killed Terence
  2613 | D:3      | Reached skill level 4 in Unarmed Combat
  2613 | D:3      | Reached XP level 5. HP: 23/26 MP: 7/9
  2924 | D:4      | Noticed a sky beast
  3164 | D:4      | Noticed an ogre
  3179 | D:5      | Entered Level 5 of the Dungeon
  3291 | D:5      | Noticed a sky beast
  3324 | D:5      | Noticed a big kobold
  3339 | D:5      | Killed a big kobold
  3339 | D:5      | Reached XP level 6. HP: 32/32 MP: 11/11
  3356 | D:5      | Found a shimmering altar of Xom.
  3420 | D:5      | Reached skill level 5 in Unarmed Combat
  3493 | D:5      | Noticed a necrophage
  3500 | D:5      | Killed a necrophage
  3500 | D:5      | Reached XP level 7. HP: 35/35 MP: 10/13
  3641 | D:5      | Found a staircase to the Ecumenical Temple.
  3651 | Temple   | Entered the Ecumenical Temple
  3714 | Temple   | Became a worshipper of Cheibriados the Contemplative
  3808 | D:5      | Reached skill level 6 in Unarmed Combat
  3905 | D:5      | Noticed Edmund
  3918 | D:5      | Killed Edmund
  3918 | D:5      | Gained mutation: You have razor-sharp teeth. [Vine Stalker
                  | growth]
  3918 | D:5      | Reached XP level 8. HP: 31/41 MP: 10/15
  4137 | D:5      | Slain by a centaur

Illustrated notes

Levels and vault maps discovered:
D:1:      dpeg_arrival_boxes_within_box, layout_basic, minmay_crystal_water,
          hex_intersection, kennysheep_pointless_box
D:2:      layout_basic, grunt_temple_overflow_open, minmay_misc_feat_square,
          minmay_tall_x
D:3:      layout_rooms, first_ration, uniq_terence
D:4:      layout_basic, kennysheep_nondescript, nicolae_gozag_seed_capital
D:5:      layout_loops_ring, old_standard_altar, trog_eyes_of_draining,
          minmay_temple_entry_mist, uniq_edmund
Temple:   nicolae_temple_x_marks_the_god

Skill      XL: |  1  2  3  4  5  6  7 |
---------------+----------------------+-----
Fighting       | 1 2 3 |  3.6
Dodging        | 2 |  2.2
Unarmed Combat | 4 5 6 |  6.4
Transmutations | 3 4 |  4.4
Spellcasting   | 3 4 |  4.1

Action                   |  1- 3 |  4- 6 |  7- 9 || total
-------------------------+-------+-------+-------++-------
Melee: Unarmed           |   119 |   172 |    67 ||   358
       Bite              |    26 |    46 |    24 ||    96
       Headbutt          |     3 |     5 |     7 ||    15
       Kick              |     7 |    25 |     9 ||    41
       Punch             |     4 |     4 |     2 ||    10
 Cast: Beastly Appendage |    15 |    16 |     5 ||    36
       Sticks to Snakes  |       |     2 |       ||     2
  Use: Scroll            |       |     2 |       ||     2
 Stab: Sleeping          |       |     2 |       ||     2
  Eat: Chunk             |     2 |     7 |     1 ||    10
Armor: Robe              |    15 |    16 |     6 ||    37
Dodge: Dodged            |   103 |   107 |    36 ||   246
